 Dungeon Crawl Stone Soup version 0.29.1-15-g9cfb28693d (webtiles) character file.

Game seed: 13843596239136158288

28 javelincjr the Magician (level 3, -4/25 HPs)
             Began as a Demonspawn Hedge Wizard on Apr 20, 2023.
             Slain by Natasha (6 damage)
             ... on level 2 of the Dungeon.
             The game lasted 00:02:57 (1552 turns).

javelincjr the Magician (Demonspawn Hedge Wizard)   Turns: 1552, Time: 00:02:58

Health: -4/25      AC:  2    Str: 12    XL:     3   Next: 0%
Magic:  5/7        EV: 12    Int: 15    God:
Gold:   77         SH:  0    Dex: 12    Spells: 3/8 levels left

rFire   + . .      SeeInvis .   a - +0 dagger
rCold   + . .      Faith    .   (no shield)
rNeg    . . .      Spirit   .   b - +0 robe
rPois   .          Reflect  .   c - +0 hat
rElec   .          Harm     .   k - scarf {rC+ rF+}
rCorr   .          Rampage  .   (no gloves)
Will    .....                   (no boots)
Stlth   ++........              (no amulet)
HPRegen 0.08/turn               (no ring)
MPRegen 0.20/turn               (no ring)

@: no status effects
A: powered by death 1, magic regeneration
a: no special abilities


You were on level 2 of the Dungeon.
You visited 1 branch of the dungeon, and saw 2 of its levels.

You collected 77 gold pieces.

Inventory:

Hand Weapons
 a - a +0 dagger (weapon)
Armour
 b - a +0 robe (worn)
 c - a +0 hat (worn)
 k - a scarf of resistance (worn)
Jewellery
 q - a ring of flight
Scrolls
 e - 3 scrolls of identify {unknown}
 h - a scroll of amnesia {unknown}
 i - a scroll of fear {unknown}
 l - a scroll of poison {unknown}
 n - a scroll of silence {unknown}
 r - a scroll of magic mapping {unknown}
Potions
 d - a potion of magic
 f - a potion of flight {unknown}
 g - a potion of resistance {unknown}
 j - a potion of berserk rage {unknown}
 m - a potion of curing {unknown}
 o - a potion of ambrosia {unknown}
 p - a potion of lignification {unknown}


   Skills:
 * Level 0.6 Fighting
 + Level 2.0 Dodging
 + Level 2.1 Stealth
 * Level 3.2 Spellcasting
 + Level 1.4 Conjurations
 + Level 1.2 Summonings
 + Level 1.2 Translocations


You had 3 spell levels left.
You knew the following spells:

 Your Spells              Type           Power      Damage    Failure   Level
a - Magic Dart            Conj           24%        1d4       11%         1
b - Call Imp              Summ           6%         N/A       19%         2
c - Blink                 Tloc           12%        N/A       19%         2

Your spell library contained the following spells:

 Spells                   Type           Power      Damage    Failure   Level
 Slow                     Hex            8%         N/A       21%         1
 Conjure Flame            Conj/Fire      4%         6-21      41%         3
 Mephitic Cloud           Conj/Pois/Air  3%         N/A       43%         3


Dungeon Overview and Level Annotations

Branches:
Dungeon (2/15)

Altars:

Shops:
D:1 [

Annotations:
D:2 Natasha


Innate Abilities, Weirdness & Mutations

You regenerate a little health from kills.
You regenerate magic rapidly.


Message History

You finish memorising.
Spell assigned to 'c'.
Casting: Magic Dart (safe; 11% risk of failure)
Confirm with . or Enter, or press ? or * to list all spells.
A beastly little devil appears in a puff of flame.
You barely miss Natasha. Natasha closely misses you.
Your crimson imp blinks!
You hit Natasha but do no damage. Natasha misses you.
You barely miss Natasha. Natasha claws you!
You hit Natasha but do no damage. Natasha barely misses you.
Your crimson imp blinks!
Casting: Call Imp (safe; 19% risk of failure)
Confirm with . or Enter, or press ? or * to list all spells.
Aiming: Magic Dart (safe; 11% risk of failure)
Press: ? - help, Shift-Dir - straight line, f - Natasha
Aim: Natasha (ally target, 100% to hit)
The magic dart hits Natasha.
Natasha is lightly wounded.
Natasha barely misses you.
Your crimson imp blinks!
Casting: Magic Dart (safe; 11% risk of failure)
Confirm with . or Enter, or press ? or * to list all spells.
Aiming: Magic Dart (safe; 11% risk of failure)
Press: ? - help, Shift-Dir - straight line, f/p - Natasha
Aim: Natasha (lightly wounded, 100% to hit)
The magic dart hits Natasha.
Natasha is moderately wounded.
Natasha closely misses you.
Casting: Magic Dart (safe; 11% risk of failure)
Confirm with . or Enter, or press ? or * to list all spells.
Aiming: Magic Dart (safe; 11% risk of failure)
Press: ? - help, Shift-Dir - straight line, f/p - Natasha
Aim: Natasha (moderately wounded, ally target, 100% to hit)
The magic dart hits Natasha.
Natasha is moderately wounded.
Natasha claws you!
* * * LOW HITPOINT WARNING * * *
Natasha attacks as you move away! Natasha claws you.
* * * LOW HITPOINT WARNING * * *
Natasha attacks as you move away! Natasha claws you.
You die...

#.# #..............# #.#
#.#####........#############
##.###..##..........'...........)
...#................#############
...#................#
...#...♣............#
'#.#..♣).♣..##'#############
.###.....♣..##.#...........######
......♣........h@.5..............
.###........##.#........<#.######
## #........#....#.....###.# #
####.......##.##.##.###.# #
##########.##.##.....# #
#.##.######## # #....# ### ######
#.. ####.#


You could see Natasha (ally target) and a friendly crimson imp (summoned).

Vanquished Creatures
  A dart slug (D:1)
  2 bats
  5 endoplasms
  A giant cockroach (D:1)
  2 hobgoblins (D:2)
  3 kobolds
  A quokka (D:1)
  A ball python (D:2)
  4 frilled lizards (D:1)
  A goblin (D:1)
  3 rats (D:1)
24 creatures vanquished.

Notes
Turn   | Place    | Note
-------+----------+-------------------------------------------
     0 | D:1      | javelincjr the Demonspawn Hedge Wizard began the quest for
                  | the Orb.
     0 | D:1      | Reached XP level 1. HP: 13/13 MP: 4/4
    86 | D:1      | Reached skill level 1 in Translocations
   207 | D:1      | Gained mutation: You regenerate magic rapidly. [demonic
                  | ancestry]
   207 | D:1      | Reached XP level 2. HP: 12/19 MP: 0/6
   517 | D:1      | Found Lupsas's Antique Armour Shoppe.
  1316 | D:2      | Gained mutation: You regenerate a little health from kills.
                  | [demonic ancestry]
  1316 | D:2      | Reached XP level 3. HP: 25/25 MP: 3/7
  1526 | D:2      | Noticed Natasha
  1533 | D:2      | Learned a level 2 spell: Call Imp
  1536 | D:2      | Learned a level 2 spell: Blink
  1552 | D:2      | Slain by Natasha

Illustrated notes

Levels and vault maps discovered:
D:1:      lightli_arrival_quake, layout_loops_ring, serial_shops,
          nicolae_shop_hallway_plus
D:2:      layout_basic, chequers_garden, uniq_natasha

Skill      XL: |  1  2 |
---------------+-------+-----
Translocations | 1 |  1.2
Stealth        | 2 |  2.1
Dodging        | 2 |  2.0
Fighting       | |  0.6
Spellcasting   | |  3.2
Conjurations   | |  1.4
Summonings     | |  1.2

Action                   || total
-------------------------++-------
Melee: Dagger            ||    28
 Cast: Magic Dart        ||    60
       Call Imp          ||     1
Armor: Robe              ||    12
Dodge: Dodged            ||    34
